 Dungeon Crawl Stone Soup version 0.32-a0-928-g1cae6b7ea0 (webtiles) character file.

Game seed: 4413869563028719657

851 snydleywhiplash the Cleaver (level 7, -4/57 HPs)
             Began as a Minotaur Fighter on Apr 12, 2024.
             Was an Initiate of Okawaru.
             Slain by a black bear (10 damage)
             ... on level 5 of the Dungeon.
             The game lasted 00:12:14 (4910 turns).

snydleywhiplash the Cleaver (Minotaur Fighter)      Turns: 4910, Time: 00:12:14

Health: -4/57      AC: 11    Str: 20    XL:     7   Next: 69%
Magic:  6/6        EV:  4    Int:  7    God:    Okawaru [......]
Gold:   237        SH:  4    Dex: 10    Spells: 6/6 levels left

rFire   + . .        a - +0 war axe
rCold   + . .        c - +0 buckler
rNeg    . . .        b - +0 plate armour
rPois   +            (helmet restricted)
rElec   .            u - scarf {rC+ rF+}
rCorr   .            (no gloves)
SInv    +            (no boots)
Will    .....        (no amulet) Stlth
                     m - ring of see invisible
HPRegen 0.29/turn    e - ring of poison resistance
MPRegen 0.10/turn

%: no passive effects
@: no status effects
A: horns 2, retaliatory headbutt
a: Renounce Religion


You were on level 5 of the Dungeon.
You worshipped Okawaru.
Okawaru was noncommittal.
You visited 2 branches of the dungeon, and saw 6 of its levels.

You collected 313 gold pieces.
You spent 76 gold pieces at shops.

Inventory:

Hand Weapons
 a - a +0 war axe (weapon)
Missiles
 j - 3 silver javelins (quivered)
Armour
 b - a +0 plate armour (worn)
 c - a +0 buckler (worn)
 u - a scarf of resistance (worn)
Jewellery
 e - a ring of poison resistance (right hand)
 m - a ring of see invisible (left hand)
 n - a ring of protection from cold
 r - a ring of magical power
Wands
 t - a wand of roots (11)
 w - a wand of polymorph (6)
Scrolls
 f - 2 scrolls of torment
 h - 3 scrolls of identify
 l - 2 scrolls of fog
 p - a scroll of revelation
 q - 2 scrolls of poison
 v - a scroll of teleportation
Potions
 d - 2 potions of might
 g - 2 potions of invisibility
 i - 4 potions of brilliance
 k - a potion of magic
 o - 6 potions of curing
 s - a potion of cancellation
 x - a potion of heal wounds


   Skills:
 - Level 3.6 Fighting
 * Level 10.7 Axes
 - Level 3.6 Armour
 - Level 3.6 Shields


You had 6 spell levels left.
You didn't know any spells.
Your spell library contained the following spells:

 Spells                   Type           Power      Damage    Failure   Level
 Necrotise                Necr           0%         1d4       100%        1
 Fugue of the Fallen      Necr           0%         N/A       100%        3
 Ozocubu's Armour         Ice            0%         N/A       100%        3
 Vampiric Draining        Necr           0%         2d6       100%        3
 Curse of Agony           Necr           0%         N/A       100%        5
 Manifold Assault         Tloc           0%         N/A       100%        7
 Martyr's Knell           Necr/Summ      Unusable   N/A       N/A         4

Dungeon Overview and Level Annotations

Branches:
Dungeon (5/15)             Temple (1/1) D:4

Altars:
Ashenzari
Dithmenos
Elyvilon
Fedhas
Hepliaklqana
Kikubaaqudgha
Makhleb
Nemelex Xobeh
Okawaru
Qazlal
Trog
Uskayaw
Vehumet
Wu Jian
Xom
Yredelemnul
Zin
The Shining One

Shops:
D:1 (   D:4 *??


Innate Abilities, Weirdness & Mutations

You have a pair of horns on your head.
You reflexively headbutt those who attack you in melee.


Message History

You kill the iguana!
Okawaru accepts your kill.
You hit the black bear but do no damage.
You barely miss the iguana. The black bear bites you.
The black bear barely misses you.
The black bear claws you but does no damage.
The iguana bites you.
You slash the black bear! Your headbutt misses the black bear.
The black bear is heavily wounded.
You slash the iguana!
The black bear bites you but does no damage.
The black bear claws you.
The black bear claws you but does no damage.
The iguana bites you!
You hit the iguana but do no damage. You headbutt the iguana.
The iguana is almost dead.
You slash the black bear!
The black bear goes berserk!
The iguana bites you!
You are too injured to fight recklessly!
You are too injured to fight recklessly!
Unknown command.
You are too injured to fight recklessly!
You are too injured to fight recklessly!
You completely miss the black bear.
The black bear is severely wounded.
You hit the iguana.
You kill the iguana!
Okawaru accepts your kill. The black bear bites you!
* * * LOW HITPOINT WARNING * * *
The black bear claws you but does no damage. x2
The black bear bites you!
* * * LOW HITPOINT WARNING * * *
The black bear claws you.
* * * LOW HITPOINT WARNING * * *
The black bear claws you.
* * * LOW HITPOINT WARNING * * *
You slash the black bear!
The black bear is almost dead.
The black bear bites you!
You die...

.# #.......# #.......# #
.#####.†...## ##..)..## #
.....##...## ##...## #
.###.###'#######+#######'#### #
............................#####
.####..[.........................
.####.......................#####
......##+#######'#######'#### #
#.##### #.@.# ##...## # ##.#
#.†h†.###.....## # #.##
#.......#.......##### .##
#.......#.......#.... ##
#...$...#...(...##...
##.....###.....##.... ##...##
##...##..... ##### #####
######..... #...#### #.# #.#
#.....


You could see a black bear (berserk).

Vanquished Creatures
  A black bear (D:5)
  An orc warrior (D:4)
  A centaur (D:5)
  A bombardier beetle (D:5)
  2 orc priests
  2 iguanas (D:5)
  Ijyb (D:4)
  5 orc wizards
  5 gnolls
  15 adders
  18 orcs
  10 ball pythons
  10 endoplasms
  7 giant cockroaches
  8 goblins
  6 hobgoblins
  2 jackals (D:3)
  2 quokkas
  4 bats
  5 frilled lizards
  5 kobolds
  6 rats
117 creatures vanquished.

Notes
Turn   | Place    | Note
-------+----------+-------------------------------------------
     0 | D:1      | snydleywhiplash the Minotaur Fighter began the quest for
                  | the Orb.
     0 | D:1      | Reached XP level 1. HP: 19/19 MP: 0/0
   162 | D:1      | Reached skill level 3 in Axes
   254 | D:1      | Reached XP level 2. HP: 25/26 MP: 1/1
   448 | D:1      | Found Noutig's Weapon Shoppe.
   527 | D:1      | Reached skill level 4 in Axes
   734 | D:2      | Reached XP level 3. HP: 29/31 MP: 2/2
  1131 | D:2      | Reached skill level 5 in Axes
  1175 | D:2      | Reached XP level 4. HP: 36/39 MP: 3/3
  1643 | D:3      | Found a radiant altar of Vehumet.
  1658 | D:3      | Found a glowing golden altar of the Shining One.
  2143 | D:3      | Reached skill level 6 in Axes
  2275 | D:3      | Reached XP level 5. HP: 45/45 MP: 4/4
  2947 | D:4      | Reached skill level 7 in Axes
  2968 | D:4      | Found Rireqy's General Store.
  3144 | D:4      | Noticed Ijyb
  3157 | D:4      | Killed Ijyb
  3221 | D:4      | Reached XP level 6. HP: 33/51 MP: 5/5
  3289 | D:4      | Noticed an orc warrior
  3302 | D:4      | Killed an orc warrior
  3303 | D:4      | Reached skill level 8 in Axes
  3447 | D:4      | Found a staircase to the Ecumenical Temple.
  3456 | Temple   | Entered the Ecumenical Temple
  3586 | D:4      | Found an iron altar of Okawaru.
  3599 | D:4      | Became a worshipper of Warmaster Okawaru
  3755 | D:4      | Found Adobb's Magic Scroll Emporium.
  3819 | D:4      | Found Tuhoumne's Magic Scroll Emporium.
  3825 | D:4      | Bought a scroll of noise for 11 gold pieces
  4193 | D:4      | Bought a potion of heal wounds for 65 gold pieces
  4379 | D:5      | Entered Level 5 of the Dungeon
  4393 | D:5      | Reached skill level 9 in Axes
  4484 | D:5      | Reached XP level 7. HP: 57/57 MP: 6/6
  4493 | D:5      | Found a white marble altar of Elyvilon.
  4673 | D:5      | Reached skill level 10 in Axes
  4910 | D:5      | Slain by a black bear

Illustrated notes

Levels and vault maps discovered:
D:1:      tarquinn_simple_flora_water_d, layout_loops_cross, serial_shops,
          nicolae_shop_scrapyard, minmay_hexomino_p4
D:2:      layout_basic, chequers_arboretum, grunt_ministairs_2
D:3:      minmay_chambers_of_threes, layout_loops_corners,
          mainiacjoe_overflow_concentric_impassable,
          mainiacjoe_overflow_alcove_1, hangedman_abyss_or_decor_lesser_grid,
          minmay_snake_closets
D:4:      layout_basic, okawaru_ov_weapons_minmay, temple_fountains,
          serial_shops, kennysheep_little_box, nicolae_shop_hallway_plus,
          nicolae_inconvenience_store, interstate_on_off, uniq_ijyb
D:5:      kennysheep_six_static_rooms, layout_loops_ring,
          mainiacjoe_overflow_tiny_flanked, uniq_crazy_yiuf_cottage
Temple:   minmay_temple_curvy_branch

Skill      XL: |  1  2  3  4  5  6  7 |
---------------+----------------------+-----
Axes           | 3 4 5 6 7 9 10 | 10.7
Fighting       | |  3.6
Armour         | |  3.6
Shields        | |  3.6

Action                     |  1- 3 |  4- 6 |  7- 9 || total
---------------------------+-------+-------+-------++-------
  Melee: War axe           |    70 |   152 |    43 ||   265
         Headbutt          |    14 |    22 |     9 ||    45
    Use: Scroll            |     4 |     7 |       ||    11
         Potion            |       |       |     1 ||     1
 Armour: Scale mail        |    54 |   102 |       ||   156
         Chain mail        |       |    13 |       ||    13
         Plate armour      |       |    19 |    88 ||   107
         Skin              |       |     3 |       ||     3
  Dodge: Dodged            |    29 |    47 |    23 ||    99
  Block: Buckler           |     8 |    37 |     9 ||    54

Table legend: (Time is in decaauts)
 A = Elapsed time spent in this place.
 B = Non-inter-level travel time spent in this place.
 C = Inter-level travel time spent in this place.
 D = Time resting spent in this place.
 E = Time spent auto-exploring this place.
 F = Levels seen in this place.
 G = Mean time per level.
                   A        B        C        D        E       F      G
               +--------+--------+--------+--------+--------+-----+--------+
         Total |   4963 |   4819 |    144 |    124 |   3862 |   6 |  827.2 |
       Dungeon |   4850 |   4715 |    135 |    124 |   3862 |   5 |  970.0 |
        Temple |    112 |    103 |      9 |      0 |      0 |   1 |  112.0 |
               +--------+--------+--------+--------+--------+-----+--------+

Top non-repeatable levels by time:
     D:4: 1380 daAuts
     D:3: 1297 daAuts
     D:2: 926 daAuts
     D:1: 713 daAuts
     D:5: 533 daAuts
  Temple: 112 daAuts
